 Dungeon Crawl Stone Soup version 0.23-a0-417-gf02c810438 (webtiles) character file.

38183 Pilesh the Severer (level 13, -6/118 HPs)
             Began as a Minotaur Fighter on Nov 11, 2018.
             Was the Champion of Okawaru.
             Hit by a steel javelin thrown by a minotaur (32 damage)
             ... on level 14 of the Dungeon.
             The game lasted 00:29:47 (12223 turns).

Pilesh the Severer (Minotaur Fighter)              Turns: 12223, Time: 00:29:47

Health: -6/118     AC: 37    Str: 35    XL:     13   Next: 62%
Magic:  12/12      EV: 12    Int: 11    God:    Okawaru [******]
Gold:   436        SH: 14    Dex:  9    Spells: 12/12 levels left

rFire    . . .     SeeInvis .   n - +2 broad axe (elec)
rCold    + . .     Gourm    +   c - +0 shield
rNeg     + . .     Faith    .   K - +15 plate armour of Wiolufaeda {rN+ Str+5}
rPois    +         Spirit   .   D - +1 hat {MR+}
rElec    .         Reflect  .   G - +2 cloak {rPois}
rCorr    .         Harm     .   t - +1 pair of gloves
MR       +....                  (no boots)
Stlth    ..........             j - amulet of the gourmand
HPRegen  0.29/turn              i - +6 ring of intelligence
MPRegen  0.13/turn              e - +3 ring of strength

@: no status effects
A: retaliatory headbutt, horns 2, talons 1, cold resistance 1
a: Heroism, Finesse, Renounce Religion


You were on level 14 of the Dungeon.
You worshipped Okawaru.
Okawaru was exalted by your worship.
You were completely stuffed.

You visited 1 branch of the dungeon, and saw 14 of its levels.

You collected 721 gold pieces.
You spent 285 gold pieces at shops.

Inventory:

Hand Weapons
 n - a +2 broad axe of electrocution (weapon)
 x - a +0 broad axe of chopping
 A - a +5 war axe of chopping
 H - a cursed +0 broad axe
 I - a +7 eveningstar
Missiles
 B - 3 throwing nets (quivered)
Armour
 c - a +0 shield (worn)
 t - a +1 pair of gloves (worn)
 D - a +1 hat of magic resistance (worn)
 G - a +2 cloak of poison resistance (worn)
 K - the +15 plate armour of Wiolufaeda (worn) {rN+ Str+5}
   (You found it on level 13 of the Dungeon)

   It affects your strength (+5).
   It protects you from negative energy.
Jewellery
 e - a +3 ring of strength (right hand)
 i - a +6 ring of intelligence (left hand)
 j - an amulet of the gourmand (around neck)
 y - a +6 amulet of reflection
 C - an uncursed ring of protection from cold
 F - an uncursed amulet of the acrobat
 L - an uncursed ring of flight
Wands
 s - a wand of iceblast (6)
 u - a wand of disintegration (10)
 w - a wand of acid (5)
 E - a wand of flame (15)
Scrolls
 a - 3 scrolls of identify
 b - 2 scrolls of immolation
 g - a scroll of blinking
 p - 6 scrolls of teleportation
 q - 4 scrolls of remove curse
 v - 3 scrolls of fear
 J - 2 scrolls of fog
Potions
 d - 4 potions of might
 h - 2 potions of haste
 k - 5 potions of curing
 l - 2 potions of mutation
 m - a potion of cancellation
 o - 5 potions of lignification
 r - 2 potions of ambrosia
 z - 3 potions of brilliance
Comestibles
 f - 28 rations
 N - 4 chunks of flesh


   Skills:
 + Level 12.0 Fighting
 * Level 15.8 Axes
 + Level 12.0 Armour
 + Level 10.5 Dodging
 + Level 12.0 Shields


You had 12 spell levels left.
You didn't know any spells.
Your spell library contained the following spells:

 Spells                   Type           Power        Failure   Level  Hunger
 Animate Skeleton         Necr           N/A          95%         1    ##.....
 Apportation              Tloc           #.....       95%         1    ##.....
 Confusing Touch          Hex            #.....       95%         1    ##.....
 Sting                    Conj/Pois      #...         95%         1    ##.....
 Summon Small Mammal      Summ           #...         95%         1    ##.....
 Poisonous Vapours        Pois/Air       #.....       98%         2    ###....
 Mephitic Cloud           Conj/Pois/Air  #.......     100%        3    ####...
 Olgreb's Toxic Radiance  Pois           #.......     100%        4    #####..
 Venom Bolt               Conj/Pois      #.........   100%        5    ######.


Dungeon Overview and Level Annotations

Branches:
Dungeon (14/15)            Temple (0/1) D:4            Lair (0/6) D:8
    Orc (0/2) D:10         Vaults (0/5) D:13

Altars:
Ashenzari
Cheibriados
Fedhas
Gozag
Nemelex Xobeh
Okawaru
Sif Muna
Trog
Vehumet
Wu Jian
Yredelemnul

Shops:
D:13 [


Innate Abilities, Weirdness & Mutations

You reflexively headbutt those who attack you in melee.
You have a pair of horns on your head.
You have sharp toenails.
Your flesh is cold resistant. (rC+)


Message History

The minotaur gores you but does no damage.
You feel much better.
The minotaur hits you with the +6 rapier of Accidental Termination {flame,
* * * LOW HITPOINT WARNING * * *
The minotaur burns you.
* * * LOW HITPOINT WARNING * * *
The minotaur gores you.
* * * LOW HITPOINT WARNING * * *
The minotaur throws a steel javelin.
The steel javelin closely misses you.
You see here a steel javelin.
The minotaur throws a steel javelin.
You block the steel javelin.
There is an open gate here.
The minotaur throws a steel javelin.
The steel javelin hits you but does no damage.
You see here a steel javelin.
You close the gate, pushing everything out of the way.
Unknown command.
A minotaur opens the gate.
The minotaur throws a steel javelin.
The steel javelin hits you!!
You die...

..#..#.#).#
#.:[..##....#
#...# #....+
###(###....# #
#...(.#....#
#.#..##.#....#
#..)....#....#
..###''H###....#
........(...@...##
....###.#####....#
.... ...# #....#
... ##### #....#
.. #....#
####....# ######
........# #.....
........# #.....
.......รท####
#.....


You could see a minotaur.

Vanquished Creatures
  Rupert (D:13)
  A frost giant (D:13)
  The ghost of tmwh the Thaumaturge, a journeyman GrEE of Sif Muna (D:14)
  Snorg (D:13)
  A hydra (D:12)
  An ice dragon (D:13)
  Harold (D:7)
  2 centaur warriors (D:13)
  A two-headed ogre (D:9)
  Urug (D:13)
  5 skeletal warriors (D:14)
  4 unseen horrors
  Pikel (D:8)
  3 ugly things
  A deep elf mage (D:12)
  A manticore (D:11)
  A cyclops (D:11)
  An ice statue (D:13)
  2 gargoyles (D:14)
  3 kobold demonologists
  A yaktaur (D:13)
  An efreet (D:13)
  A merfolk (D:12)
  8 trolls
  A hornet (D:11)
  A hippogriff (D:11)
  4 slime creatures (D:13)
  Grinder (D:6)
  A water elemental (D:13)
  11 yaks
  2 wyverns
  3 wraiths (D:11)
  A shadow (D:14)
  17 humans
  3 hungry ghosts
  A basilisk (D:13)
  2 wargs (D:10)
  A water moccasin (D:10)
  Duvessa (D:6)
  A black bear (D:12)
  23 ice beasts
  6 sky beasts
  4 slaves (D:8)
  A hornet zombie (D:7)
  5 orc warriors
  An eye of draining (D:13)
  3 phantoms
  6 ogres
  3 necrophages
  6 centaurs
  3 big kobolds
  Blork the orc (D:6)
  A gnoll sergeant (D:8)
  7 bullfrogs
  Dowan (D:6)
  5 scorpions
  10 wights
  4 killer bees (D:12)
  3 howler monkeys (D:11)
  4 electric eels (D:13)
  7 crimson imps
  2 bullfrog zombies
  A quasit (D:7)
  4 jellies
  6 hounds
  16 orc priests
  18 orc wizards
  2 centaur skeletons
  Crazy Yiuf (D:6)
  Jessica (D:2)
  3 bullfrog skeletons
  6 iguanas
  Ijyb (D:5)
  14 worker ants
  A statue (D:7)
  A hound zombie (D:6)
  2 hound skeletons
  Robin (D:2)
  3 gnolls (D:8)
  14 adders
  2 shadow imps
  2 oozes
  An adder skeleton (D:4)
  3 worms
  2 dart slugs (D:4)
  3 leopard geckos
  41 orcs
  A ball python (D:3)
  4 giant cockroaches
  12 hobgoblins
  4 jackals (D:6)
  5 quokkas
  3 bats
  4 frilled lizards
  20 goblins
  28 kobolds
  A leopard gecko zombie (D:6)
  8 rats
  A fungus (D:6)
441 creatures vanquished.

Vanquished Creatures (others)
  A kobold demonologist (D:12)
  A water elemental (D:13)
  A bullfrog skeleton (D:12)
  3 kobolds (D:12)
6 creatures vanquished.

Grand Total: 447 creatures vanquished

Notes
Turn   | Place    | Note
-------+----------+-------------------------------------------
     0 | D:1      | Pilesh the Minotaur Fighter began the quest for the Orb.
     0 | D:1      | Reached XP level 1. HP: 19/19 MP: 0/0
   665 | D:2      | Reached XP level 2. HP: 24/27 MP: 1/1
   667 | D:2      | Reached skill level 3 in Axes
   691 | D:2      | Found an iron altar of Okawaru.
   774 | D:2      | Noticed Robin
   778 | D:2      | Reached XP level 3. HP: 19/33 MP: 2/2
   784 | D:2      | Killed Robin
   784 | D:2      | Reached skill level 1 in Dodging
   823 | D:2      | Found a bloodstained altar of Trog.
  1073 | D:2      | Reached XP level 4. HP: 32/40 MP: 3/3
  1246 | D:2      | Noticed Jessica
  1254 | D:2      | Killed Jessica
  1254 | D:2      | Reached skill level 4 in Axes
  1254 | D:2      | Noticed an ice beast
  1263 | D:2      | Killed an ice beast
  1263 | D:2      | Reached XP level 5. HP: 17/47 MP: 4/4
  1351 | D:2      | Found an ornate altar of the Wu Jian Council.
  1418 | D:2      | Became a worshipper of Warmaster Okawaru
  1463 | D:3      | Gained mutation: You are occasionally teleported next to
                  | monsters. [potion of mutation]
  1463 | D:3      | Gained mutation: You are weak. (Str -2) [potion of
                  | mutation]
  1463 | D:3      | Gained mutation: You are partially covered in yellow
                  | scales. (AC +2) [potion of mutation]
  1463 | D:3      | Gained mutation: You have sharp fingernails. [potion of
                  | mutation]
  1464 | D:3      | Lost mutation: You are partially covered in yellow scales.
                  | (AC +2) [potion of mutation]
  1464 | D:3      | Lost mutation: You are weak. (Str -2) [potion of mutation]
  1464 | D:3      | Gained mutation: You are somewhat resistant to further
                  | mutation. [potion of mutation]
  1539 | D:3      | Found a shattered altar of Ashenzari.
  1988 | D:3      | Reached skill level 5 in Axes
  1988 | D:3      | Reached XP level 6. HP: 49/53 MP: 5/5
  2190 | D:3      | Found an opulent altar of Gozag.
  2191 | D:3      | Found a sparkling altar of Nemelex Xobeh.
  2460 | D:4      | Found a staircase to the Ecumenical Temple.
  2507 | D:4      | Lost mutation: You are occasionally teleported next to
                  | monsters. [potion of mutation]
  2507 | D:4      | Lost mutation: You have sharp fingernails. [potion of
                  | mutation]
  2508 | D:4      | Lost mutation: You are somewhat resistant to further
                  | mutation. [potion of mutation]
  2508 | D:4      | Gained mutation: You have sharp toenails. [potion of
                  | mutation]
  2508 | D:4      | Gained mutation: Your flesh is cold resistant. (rC+)
                  | [potion of mutation]
  2615 | D:4      | Reached skill level 5 in Armour
  2778 | D:4      | Found a blossoming altar of Fedhas.
  2831 | D:4      | Found a snail-covered altar of Cheibriados.
  2833 | D:4      | Reached * piety under Okawaru
  2875 | D:5      | Entered Level 5 of the Dungeon
  2932 | D:5      | Reached skill level 5 in Fighting
  2932 | D:5      | Reached skill level 5 in Shields
  2959 | D:5      | Noticed Ijyb
  2969 | D:5      | Killed Ijyb
  2970 | D:5      | Reached XP level 7. HP: 52/61 MP: 6/6
  3004 | D:5      | Reached skill level 6 in Axes
  3228 | D:5      | Found a basalt altar of Yredelemnul.
  3510 | D:6      | Reached ** piety under Okawaru
  3599 | D:6      | Reached skill level 7 in Axes
  3599 | D:6      | Reached XP level 8. HP: 30/70 MP: 7/7
  3939 | D:6      | Noticed Grinder
  3947 | D:6      | Killed Grinder
  4046 | D:6      | Noticed Duvessa
  4047 | D:6      | Noticed Dowan
  4053 | D:6      | Killed Duvessa
  4055 | D:6      | Killed Dowan
  4058 | D:6      | Reached *** piety under Okawaru
  4208 | D:6      | Reached skill level 8 in Axes
  4280 | D:6      | Noticed Blork the orc
  4287 | D:6      | Killed Blork the orc
  4387 | D:6      | Found a deep blue altar of Sif Muna.
  4461 | D:6      | Identified a scroll of acquirement
  4664 | D:6      | Found a runed door.
  4668 | D:6      | Noticed Crazy Yiuf
  4671 | D:6      | Killed Crazy Yiuf
  4714 | D:7      | Noticed Harold
  4726 | D:7      | Killed Harold
  4726 | D:7      | Reached **** piety under Okawaru
  4726 | D:7      | Reached skill level 9 in Axes
  4726 | D:7      | Reached skill level 5 in Dodging
  4726 | D:7      | Reached XP level 9. HP: 66/79 MP: 8/8
  5326 | D:7      | Found a radiant altar of Vehumet.
  5562 | D:8      | Noticed Pikel
  5575 | D:8      | Reached skill level 10 in Axes
  5583 | D:8      | Killed Pikel
  5583 | D:8      | Reached ***** piety under Okawaru
  5665 | D:8      | Reached XP level 10. HP: 84/88 MP: 9/9
  5711 | D:8      | Found a staircase to the Lair.
  6475 | D:9      | Noticed a two-headed ogre
  6481 | D:9      | Killed a two-headed ogre
  6481 | D:9      | Reached skill level 11 in Axes
  6978 | D:10     | Entered Level 10 of the Dungeon
  7008 | D:10     | Found an opulent altar of Gozag.
  7067 | D:10     | Found a staircase to the Orcish Mines.
  7435 | D:10     | Received a gift from Okawaru
  7530 | D:11     | Killed an unseen horror
  7565 | D:11     | Reached XP level 11. HP: 85/97 MP: 10/10
  7577 | D:11     | Reached skill level 12 in Axes
  8009 | D:11     | Killed an unseen horror
  8272 | D:11     | Noticed a white ugly thing
  8282 | D:11     | Killed a white ugly thing
  8293 | D:12     | Reached ****** piety under Okawaru
  8321 | D:12     | Reached skill level 13 in Axes
  8321 | D:12     | Reached skill level 10 in Armour
  8328 | D:12     | Reached skill level 10 in Shields
  8333 | D:12     | Received a gift from Okawaru
  8336 | D:12     | Noticed a four-headed hydra
  8505 | D:12     | Noticed a white ugly thing
  8507 | D:12     | Reached skill level 10 in Fighting
  8510 | D:12     | Killed a white ugly thing
  8726 | D:12     | Killed a four-headed hydra
  8737 | D:12     | Reached XP level 12. HP: 49/106 MP: 11/11
  9182 | D:13     | Found a gate to the Vaults.
  9182 | D:13     | Noticed a centaur warrior
  9182 | D:13     | Noticed Rupert
  9182 | D:13     | Noticed Urug
  9186 | D:13     | Noticed Snorg
  9194 | D:13     | Received a gift from Okawaru
  9196 | D:13     | Reached skill level 14 in Axes
  9197 | D:13     | Killed Urug
  9201 | D:13     | Killed a centaur warrior
  9206 | D:13     | Killed Rupert
  9209 | D:13     | Killed Snorg
  9229 | D:13     | Got a dazzling buckler {god gift}
  9240 | D:13     | Identified the -2 buckler "Lomiethre" {Dex+5} (Okawaru
                  | gifted it to you on level 13 of the Dungeon)
  9665 | D:13     | Got a dazzling plate armour
  9676 | D:13     | Identified the +15 plate armour of Wiolufaeda {rN+ Str+5}
                  | (You found it on level 13 of the Dungeon)
 10240 | D:13     | Reached XP level 13. HP: 116/116 MP: 12/12
 10247 | D:13     | Reached skill level 15 in Axes
 10255 | D:13     | Received a gift from Okawaru
 10255 | D:13     | Reached skill level 10 in Dodging
 10347 | D:13     | Found Izee's Antique Armour Boutique.
 10355 | D:13     | Bought a pair of glowing gloves for 285 gold pieces
 10518 | D:13     | Noticed a frost giant
 10533 | D:13     | Killed a frost giant
 11903 | D:14     | Received a gift from Okawaru
 12171 | D:14     | Found a runed gate.
 12172 | D:14     | Found a runed gate.
 12173 | D:14     | Found a runed gate.
 12177 | D:14     | Noticed tmwh's ghost (journeyman GrEE)
 12198 | D:14     | Killed tmwh's ghost
 12204 | D:14     | Identified the +6 rapier of Accidental Termination {flame,
                  | rC++}
 12204 | D:14     | Noticed a minotaur
 12223 | D:14     | Hit by a steel javelin thrown by a minotaur

Vault maps used:
D:1:      eino_arrival_cavern_a, serial_curves, eino_curves_03, eino_curves_02,
          eino_curves_02, eino_curves_03, corner_web_ring
D:2:      overflow_temple_1_default, lemuel_round_altar, lemuel_crystal_altar,
          first_ration, uniq_robin, uniq_jessica
D:3:      grunt_temple_overflow_opulence, overflow_temple_1_default,
          hangedman_decor_points, kennysheep_small_spiral, minmay_statues_item
D:4:      fedhas_altar_fruit_tree, cheibriados_altar_1, temple_pool_b,
          kennysheep_generic_room_16
D:5:      kennysheep_mini_moat, uniq_ijyb
D:6:      led_sif_pool, uniq_grinder, uniq_blork_the_orc, uniq_duvessa,
          uniq_crazy_yiuf_cottage
D:7:      vehumet_statue, uniq_harold
D:8:      lair_entry_dummy, uniq_pikel
D:9:      minmay_flawed_box
D:10:     erik_orc_4, basic_altar
D:12:     hangedman_stone_soup
D:13:     minmay_twisted_water, david_vaults_3, serial_shops, shop_statue,
          uniq_snorg
D:14:     maelrawn_ghost_labyrinth_escape

Skill      XL: |  1  2  3  4  5  6  7  8  9 10 11 12 13 |
---------------+----------------------------------------+-----
Axes           | 3 4 5 7 9 10 11 13 14 15 | 15.8
Armour         | 4 5 7 8 9 10 11 12 | 12.0
Fighting       | 4 5 7 9 10 11 12 | 12.0
Dodging        | 1 2 3 5 6 7 8 9 10 | 10.5
Shields        | 4 5 7 8 9 10 11 12 | 12.0

Action                   |  1- 3 |  4- 6 |  7- 9 | 10-12 | 13-15 || total
-------------------------+-------+-------+-------+-------+-------++-------
Melee: War axe           |    72 |   125 |   165 |   423 |    66 ||   851
       Headbutt          |    13 |    16 |    29 |    66 |    37 ||   161
       Kick              |       |     8 |    52 |   136 |    62 ||   258
       Broad axe         |       |       |    18 |       |    74 ||    92
       Flail             |       |       |       |    17 |       ||    17
 Abil: Evoke Flight      |       |       |       |       |    10 ||    10
       Stop Flying       |       |       |       |       |     1 ||     1
  Use: Scroll            |       |    11 |     6 |     8 |     1 ||    26
       Potion            |       |     4 |     2 |     3 |     2 ||    11
  Eat: Chunk             |       |    13 |    11 |    20 |     9 ||    53
Armor: Scale mail        |    35 |    44 |    17 |       |       ||    96
       Chain mail        |       |       |    40 |       |       ||    40
       Plate armour      |       |       |       |   190 |    51 ||   241
Dodge: Dodged            |    33 |    39 |    52 |   132 |    49 ||   305
Block: Shield            |    40 |    75 |    91 |   253 |    76 ||   535

Table legend:
 A = Non-vault XP
 B = Vault XP
 C = Vault XP percentage of total XP
 D = Non-vault monster count
 E = Vault monster count
 F = Vault count percentage of total count
                 A         B        C        D         E       F
            +---------+---------+-------+---------+---------+-------
      Total |   32845 |   21703 |  39.8 |     340 |      97 |  22.2
            +---------+---------+-------+---------+---------+-------
        D:1 |       9 |       0 |   0.0 |       6 |       0 |   0.0
        D:2 |     200 |      72 |  26.5 |      27 |      12 |  30.8
        D:3 |     120 |       0 |   0.0 |      26 |       0 |   0.0
        D:4 |     234 |       7 |   2.9 |      12 |       1 |   7.7
        D:5 |     453 |      36 |   7.4 |      15 |       1 |   6.2
        D:6 |     710 |     612 |  46.3 |      23 |       5 |  17.9
        D:7 |    1020 |    1002 |  49.6 |      28 |       2 |   6.7
        D:8 |    1134 |     629 |  35.7 |      26 |       1 |   3.7
        D:9 |    2019 |     216 |   9.7 |      32 |       6 |  15.8
       D:10 |     768 |     784 |  50.5 |      14 |      17 |  54.8
       D:11 |    7061 |       0 |   0.0 |      40 |       0 |   0.0
       D:12 |    5022 |    1001 |  16.6 |      36 |       3 |   7.7
       D:13 |    6701 |   15169 |  69.4 |      37 |      44 |  54.3
       D:14 |    7394 |    2175 |  22.7 |      18 |       5 |  21.7
            +---------+---------+-------+---------+---------+-------
